 Dungeon Crawl Stone Soup version 0.17-a0-512-gd6a67cc (webtiles) character file.

163120 abixa the Shatterer (level 17, -2/193 HPs)
             Began as an Ogre Berserker on Apr 10, 2015.
             Was the Champion of Trog.
             Slain by abixa's ghost (35 damage)
             ... on level 5 of the Snake Pit on Apr 11, 2015.
             The game lasted 03:20:07 (40145 turns).

abixa the Shatterer (Ogre Berserker)               Turns: 40145, Time: 03:20:07

Health: -2/193     AC:  5    Str: 24    XL:     17   Next: 82%
Magic:  17/17      EV: 25    Int:  6    God:    Trog [******]
Gold:   297        SH:  0    Dex: 19    Spells: 0 memorised, 16 levels left

rFire  + . .     SeeInvis .     a - +3 giant spiked club of Dissolution {elec, rElec rF+ Str-2 Dex+5}
rCold  + . .     Clarity  .     I - +1 robe of Dir Lyc {rPois rC+}
rNeg   . . .     SustAb   .     (no shield)
rPois  +         Gourm    .     (helmet restricted)
rElec  +         Spirit   .     S - +0 cloak
rCorr  .         Warding  .     (gloves unavailable)
rMut   .         Stasis   .     (boots unavailable)
MR     ++...                    N - amulet of faith
Stlth  ++........               R - +4 ring of evasion
                                U - ring of protection from magic

@: very resistant to hostile enchantments, unstealthy
A: unfitting armour, tough skin 1
a: Burn Spellbooks, Berserk, Trog's Hand, Brothers in Arms, Renounce Religion


You were on level 5 of the Snake Pit.
You worshipped Trog.
Trog was exalted by your worship.
You were not hungry.

You visited 4 branches of the dungeon, and saw 32 of its levels.
You visited 1 bazaar.
You also visited: Ice Cave.

You collected 3292 gold pieces.
You spent 2995 gold pieces at shops.

Inventory:

Hand weapons
 a - the +3 giant spiked club of Dissolution (weapon) {elec, rElec rF+ Str-2 Dex+5}
   (Trog gifted it to you on level 11 of the Dungeon)

   Occasionally, upon striking a foe, it will discharge some electrical energy
   and cause terrible harm.
   It affects your strength (-2).
   It affects your dexterity (+5).
   It protects you from fire.
   It insulates you from electricity.
 b - a +5 antimagic giant club
 c - a +4 blowgun
 g - the +2 morningstar "Touduf" {crush, -Tele Int+7}
   (Trog gifted it to you on level 4 of the Orcish Mines)

   It inflicts extra damage upon your enemies.
   It affects your intelligence (+7).
   It prevents most forms of teleportation.
 w - the +5 great mace "Ytuheg" {flame, rC+ Dex+4}
   (Trog gifted it to you on level 4 of the Snake Pit)

   It has been specially enchanted to burn those struck by it, causing extra
   injury to most foes and up to half again as much damage against particularly
   susceptible opponents.
   It affects your dexterity (+4).
   It protects you from cold.
Missiles
 d - 473 stones
 J - 10 javelins
 K - 22 large rocks (quivered)
 O - 12 curare-tipped needles
 T - a throwing net
 W - 38 tomahawks
Armour
 l - a +0 troll leather armour of cold resistance
 H - a +2 robe of fire resistance
 I - the +1 robe of Dir Lyc (worn) {rPois rC+}
   (You bought it in a shop on level 4 of the Orcish Mines)

   It protects you from cold.
   It protects you from poison.
 S - a +0 cloak (worn)
Jewellery
 f - an uncursed ring of teleportation
 s - an uncursed ring of fire
 x - an uncursed ring of teleport control
 N - an amulet of faith (around neck)
 R - a +4 ring of evasion (right hand)
 U - a ring of protection from magic (left hand)
 Z - an uncursed ring of positive energy
Magical devices
 j - a wand of cold (3)
 p - a wand of draining (4)
 P - a wand of digging (6)
 V - a wand of polymorph (1)
Scrolls
 e - 13 scrolls of remove curse
 h - 4 scrolls of identify
 k - a scroll of summoning
 o - 2 scrolls of blinking
 u - 7 scrolls of teleportation
 v - 3 scrolls of magic mapping
 D - a scroll of silence
Potions
 n - 5 potions of flight
 z - 4 potions of haste
 B - 2 potions of resistance
 C - 9 potions of curing
 E - 7 potions of heal wounds
 F - 5 potions of cancellation
 G - 6 potions of might
 L - 4 potions of invisibility
 X - 5 potions of agility
Comestibles
 q - 14 bread rations


   Skills:
 - Level 18.0 Fighting
 - Level 22.0 Maces & Flails
 - Level 14.0 Throwing
 - Level 7.0 Armour
 + Level 13.9 Dodging


You had 16 spell levels left.
You didn't know any spells.

Dungeon Overview and Level Annotations

Branches:
Dungeon (15/15)            Temple (0/1) D:7            Lair (8/8) D:10
 Shoals (0/5) Lair:3        Snake (5/5) Lair:6        Slime (0/6) Lair:6
    Orc (4/4) D:9             Elf (0/3) Orc:3        Vaults (0/5) D:13
 Depths (0/5) D:15

Altars:
Ashenzari
Cheibriados
Fedhas
Gozag
Makhleb
Nemelex Xobeh
Okawaru
Ru
Sif Muna
Vehumet
Zin
Beogh

Shops:
D:11 *   Orc:1 :   Orc:3 %*   Orc:4 =[*(

Annotations:
D:6 disint for loot
Lair:3 flight for loot
Snake:5 abixa's ghost, mighty OgBe


Innate Abilities, Weirdness & Mutations

You are too large for most types of armour.
You have tough skin (AC +1).


Message History

Abixa's ghost is severely damaged.
You barely miss abixa's ghost.
Abixa's ghost is severely damaged.
Abixa's ghost completely misses you.
You barely miss abixa's ghost.
Abixa's ghost is severely damaged.
Abixa's ghost hits you!
You flatten abixa's ghost like a pancake!!!
Abixa's ghost is almost destroyed.
You closely miss abixa's ghost.
Abixa's ghost is almost destroyed.
Abixa's ghost hits you!
You hit abixa's ghost but do no damage.
There is a sudden explosion of sparks!
Abixa's ghost is almost destroyed.
Abixa's ghost hits you!!!
* * * LOW HITPOINT WARNING * * *
You miss abixa's ghost.
Abixa's ghost is almost destroyed.
Abixa's ghost hits you!!
You die...

#. .## #.##
..# #..##
#.# #..####
#.#
....?.#....#
#.#
......####)#
#.# ......
#)# #.#
......
#(###.####
......
#.....(W@##
.....
####......##
....
#.......# .
#.......#
#.......#
##.....##
##.....##
#..)....#
#.......#


You could see abixa's ghost.

Vanquished Creatures
  Maud (Orc:4)
  An orc warlord (Orc:4)
  A dire elephant (Lair:6)
  An ettin (D:15)
  Snorg (Orc:3)
  4 vault guards (D:13)
  Josephine (Orc:4)
  8 hydras
  10 naga warriors
  4 catoblepae
  7 anacondas
  7 centaur warriors
  2 tengu warriors (D:13)
  22 death yaks
  4 shock serpents
  Urug (D:15)
  4 naga sharpshooters
  An orc high priest (Orc:4)
  Nergalle (Orc:4)
  An unseen horror (D:9)
  4 salamander mystics
  A swamp dragon (Orc:4)
  A deep elf knight (D:15)
  A deep troll (D:15)
  5 naga ritualists
  2 ice statues (IceCv)
  A wizard (D:13)
  An ice devil (IceCv)
  7 hill giants
  4 oklob plants
  5 orc knights
  5 ugly things
  11 mana vipers
  4 cyclopes
  2 manticores
  3 orc sorcerers
  6 centaur zombies
  17 elephants (Lair:6)
  A griffon (Lair:6)
  Maurice (Orc:3)
  2 sirens (Lair:3)
  4 guardian serpents
  15 naga magi
  13 spiny frogs
  26 black mambas
  A queen ant (Lair:8)
  21 salamanders
  3 gargoyles
  2 fire drakes
  A spiny frog (shapeshifter) (D:12)
  The ghost of Hanyuu the Sneak, an experienced KoAs of Dithmenos (D:5)
  A tengu conjurer (D:15)
  An elf (shapeshifter) (D:12)
  9 komodo dragons
  An efreet (D:13)
  7 trolls
  3 two-headed ogres
  2 merfolk (Lair:3)
  A wandering mushroom (Lair:2)
  A trapdoor spider zombie (D:12)
  7 blue devils (IceCv)
  2 boulder beetles
  A spectral orc (Orc:4)
  6 ravens
  8 blink frogs
  A deep elf mage (D:11)
  A human (D:13)
  7 wraiths
  54 yaks
  6 vampire mosquitoes
  2 basilisks
  5 wargs
  10 hippogriffs
  A deep elf fighter (D:13)
  A hungry ghost (D:8)
  5 soldier ants
  4 wolves (Lair:2)
  A raven zombie (D:15)
  2 mottled dragons (D:15)
  42 nagas
  A wasp (D:10)
  24 water moccasins
  5 ice beasts
  3 porcupines
  19 orc warriors
  2 black bears
  16 centaurs
  4 sky beasts
  A necrophage (D:15)
  A phantom (D:14)
  13 ogres
  11 crocodiles
  3 big kobolds
  2 vampire mosquito zombies (D:15)
  5 boring beetles
  11 giant frogs
  A tengu zombie (D:15)
  3 scorpions
  A spriggan skeleton (D:9)
  10 killer bees
  A troll skeleton (D:9)
  10 crimson imps
  6 wights (D:10)
  2 goliath beetles
  2 jellies
  28 orc priests
  35 orc wizards
  2 giant frog skeletons
  14 hounds
  Crazy Yiuf (D:7)
  6 centaur skeletons
  5 iguanas
  24 worker ants
  A killer bee zombie (D:9)
  29 sheep
  A mummy (D:11)
  A gnoll (D:3)
  79 river rats
  21 adders
  3 shadow imps
  19 white imps
  2 worms
  7 ufetubi (IceCv)
  An ooze (D:4)
  138 orcs
  17 bats
  2 bat skeletons (D:4)
  25 goblins
  17 hobgoblins
  29 kobolds
  11 quokkas
  A ball python (D:5)
  7 giant cockroaches
  5 giant geckos
  A giant gecko zombie (D:5)
  5 giant newts
  A giant spore (D:11)
  17 jackals
  2 quokka skeletons
  15 rats
  2 ballistomycetes (D:11)
  2 fungi (Lair:6)
  2 plants
1180 creatures vanquished.

Vanquished Creatures (collateral kills)
  A tengu conjurer (D:15)
  A raven (D:15)
2 creatures vanquished.

Vanquished Creatures (others)
  A giant frog (Lair:6)
  3 white imps (IceCv)
  3 fungi
  2 plants
9 creatures vanquished.

Grand Total: 1191 creatures vanquished

Notes
Turn   | Place    | Note
--------------------------------------------------------------
     0 | D:1      | abixa, the Ogre Berserker, began the quest for the Orb.
     0 | D:1      | Reached XP level 1. HP: 24/24 MP: 1/1
   117 | D:1      | Reached skill level 1 in Throwing
   117 | D:1      | Reached XP level 2. HP: 29/32 MP: 2/2
   401 | D:1      | Reached XP level 3. HP: 13/39 MP: 3/3
   498 | D:1      | Acquired Trog's second power
   902 | D:2      | Found a burning altar of Makhleb.
   902 | D:2      | Found a radiant altar of Vehumet.
  1001 | D:2      | Reached skill level 5 in Maces & Flails
  1234 | D:2      | Reached XP level 4. HP: 34/48 MP: 4/4
  1271 | D:2      | Found a sacrificial altar of Ru.
  1311 | D:2      | Found a shattered altar of Ashenzari.
  1571 | D:2      | Found an opulent altar of Gozag.
  1572 | D:2      | Found a glowing silver altar of Zin.
  1876 | D:3      | Reached skill level 6 in Maces & Flails
  1876 | D:3      | Reached XP level 5. HP: 41/54 MP: 5/5
  2689 | D:3      | Reached XP level 6. HP: 42/62 MP: 6/6
  2949 | D:4      | Acquired Trog's third power
  3175 | D:4      | Reached skill level 5 in Throwing
  3480 | D:5      | Entered Level 5 of the Dungeon
  3589 | D:5      | Got a warped morningstar
  3608 | D:5      | Identified the +9 morningstar of Zebeor {crush, rPois rN++} (You found it on level 5 of the Dungeon)
  3615 | D:5      | Noticed Hanyuu's ghost (experienced KoAs)
  3628 | D:5      | Killed Hanyuu's ghost
  3628 | D:5      | Reached skill level 8 in Maces & Flails
  3628 | D:5      | Reached XP level 7. HP: 56/71 MP: 7/7
  3691 | D:5      | Reached skill level 9 in Maces & Flails
  3878 | D:5      | Reached skill level 10 in Maces & Flails
  3878 | D:5      | Reached XP level 8. HP: 54/79 MP: 8/8
  4531 | D:5      | Reached skill level 11 in Maces & Flails
  5138 | D:6      | Reached skill level 12 in Maces & Flails
  5358 | D:6      | Found a snail-covered altar of Cheibriados.
  5401 | D:6      | Found a shattered altar of Ashenzari.
  5406 | D:6      | Saw a vision of the Shoals and the Snake Pit.
  5406 | D:6      | Noticed a naga sharpshooter
  5406 | D:6      | Noticed a naga mage
  5406 | D:6      | Noticed a black mamba
  5406 | D:6      | Noticed a siren
  5406 | D:6      | Noticed a merfolk
  5407 | D:6      | Noticed a mana viper
  5407 | D:6      | Noticed a merfolk
  5588 | D:6      | Reached XP level 9. HP: 57/87 MP: 9/9
  6175 | D:7      | Found a blossoming altar of Fedhas.
  6203 | D:7      | Reached skill level 13 in Maces & Flails
  6270 | D:7      | Found a staircase to the Ecumenical Temple.
  6455 | D:7      | Found a sparkling altar of Nemelex Xobeh.
  6537 | D:7      | Noticed Crazy Yiuf
  6552 | D:7      | Killed Crazy Yiuf
  7089 | D:8      | Reached skill level 14 in Maces & Flails
  7749 | D:8      | Reached skill level 15 in Maces & Flails
  7996 | D:8      | Found a deep blue altar of Sif Muna.
  8307 | D:9      | Found a staircase to the Orcish Mines.
  8351 | D:8      | Reached XP level 10. HP: 90/94 MP: 10/10
  8382 | D:9      | Reached skill level 5 in Fighting
  8384 | D:9      | Found a runed door.
  8421 | D:9      | Found an iron altar of Okawaru.
  8490 | D:8      | Reached skill level 16 in Maces & Flails
  9325 | D:10     | Entered Level 10 of the Dungeon
  9707 | D:10     | Found a staircase to the Lair.
  9855 | D:10     | Received a gift from Trog
  9979 | D:10     | Reached skill level 10 in Fighting
 10464 | Lair:1   | Entered Level 1 of the Lair of Beasts
 10718 | D:9      | Reached XP level 11. HP: 113/119 MP: 11/11
 10721 | Orc:1    | Entered Level 1 of the Orcish Mines
 11058 | Orc:3    | Found Suirucko's Food Boutique.
 11120 | Orc:2    | Noticed Snorg
 11177 | Orc:3    | Found Cuwe Zint's Assorted Antiques.
 11201 | Orc:3    | Found a staircase to the Elven Halls.
 11243 | Orc:3    | Found a frozen archway.
 11313 | IceCv    | Entered an ice cave
 11329 | IceCv    | Received a gift from Trog
 11382 | IceCv    | Noticed an ice statue
 11382 | IceCv    | Noticed an ice statue
 11387 | IceCv    | Killed an ice statue
 11462 | IceCv    | Killed an ice statue
 11865 | IceCv    | Noticed an ice devil
 11874 | IceCv    | Killed an ice devil
 12050 | Orc:3    | Bought a scroll of identify for 48 gold pieces
 12484 | Orc:4    | Entered Level 4 of the Orcish Mines
 12487 | Orc:4    | Noticed Maurice
 12536 | Orc:3    | Killed Maurice
 12616 | Orc:4    | Noticed Nessos
 12705 | Orc:4    | Noticed Nessos
 12705 | Orc:4    | Nessos changed into Nessos the swamp dragon
 12714 | Orc:4    | Killed Nessos the swamp dragon
 12830 | Orc:4    | Received a gift from Trog
 13022 | Orc:4    | Noticed an orc knight
 13054 | Orc:4    | Killed an orc knight
 13106 | Orc:4    | Reached XP level 12. HP: 102/139 MP: 12/12
 13214 | Orc:4    | Noticed an orc knight
 13214 | Orc:4    | Noticed an orc warlord
 13270 | Orc:4    | Killed an orc knight
 13323 | Orc:4    | Noticed Josephine
 13344 | Orc:4    | Killed Josephine
 13344 | Orc:4    | Reached skill level 10 in Throwing
 13467 | Orc:4    | Killed an orc warlord
 13467 | Orc:4    | Reached skill level 15 in Fighting
 13626 | Orc:4    | Received a gift from Trog
 13627 | Orc:4    | Got a shimmering morningstar {god gift}
 13647 | Orc:4    | Found a roughly hewn altar of Beogh.
 13647 | Orc:4    | Noticed an orc high priest
 13665 | Orc:4    | Killed an orc high priest
 13700 | Orc:4    | Noticed Nergalle
 13788 | Orc:4    | Noticed an orc knight
 13896 | Orc:3    | Killed Snorg
 14587 | Orc:1    | Found Kerutaf's Book Emporium.
 14656 | Orc:4    | Killed Nergalle
 14752 | Orc:4    | Killed an orc knight
 14920 | Orc:4    | Found Xul Wyaf's Antique Weapon Shoppe.
 14936 | Orc:4    | Found Wawipuaz's Antique Armour Shoppe.
 14936 | Orc:4    | Noticed Maud
 15091 | Orc:3    | Received a gift from Trog
 15249 | Orc:4    | Killed Maud
 15249 | Orc:4    | Reached skill level 1 in Armour
 15285 | Orc:4    | Found Qyasm's Jewellery Shoppe.
 15359 | Orc:4    | Reached XP level 13. HP: 154/154 MP: 13/13
 15555 | Orc:4    | Found Fyxidgha's General Store.
 15561 | Orc:4    | Bought a potion of resistance for 160 gold pieces
 15561 | Orc:4    | Bought a potion of heal wounds for 80 gold pieces
 15746 | Orc:4    | Bought an ichor-stained robe for 131 gold pieces
 15980 | Lair:2   | Identified the +1 robe of Dir Lyc {rPois rC+} (You bought it in a shop on level 4 of the Orcish Mines)
 16038 | Lair:2   | Reached skill level 17 in Fighting
 16263 | Lair:2   | Received a gift from Trog
 16954 | Lair:3   | Received a gift from Trog
 17102 | Lair:3   | Received a gift from Trog
 17159 | Lair:3   | Found a staircase to the Shoals.
 17410 | Lair:3   | Received a gift from Trog
 18263 | Lair:4   | Reached skill level 18 in Fighting
 18623 | Lair:4   | Reached skill level 5 in Dodging
 19406 | Lair:5   | Received a gift from Trog
 20174 | Lair:5   | Identified the +2 morningstar "Touduf" {crush, -Tele Int+7} (Trog gifted it to you on level 4 of the Orcish Mines)
 20374 | Lair:6   | Reached XP level 14. HP: 164/169 MP: 14/14
 20637 | Lair:6   | Found a staircase to the Snake Pit.
 20738 | Lair:6   | Noticed a dire elephant
 20746 | Lair:6   | Killed a dire elephant
 20887 | Lair:6   | Reached skill level 10 in Dodging
 21191 | Lair:6   | Found a staircase to the Slime Pits.
 21473 | Lair:6   | Received a gift from Trog
 22390 | Lair:6   | Got a steaming hand axe
 23344 | Lair:8   | Entered Level 8 of the Lair of Beasts
 23767 | Lair:8   | Received a gift from Trog
 24169 | Lair:8   | Reached XP level 15. HP: 112/176 MP: 15/15
 24769 | Lair:8   | Got a brightly glowing dire flail
 25185 | D:11     | Found Ilu Orhu's Elemental Accessories.
 25347 | D:11     | Identified the +4 dire flail of Nummah {holy, rElec MP-9 Dex+4} (You found it on level 8 of the Lair of Beasts)
 25568 | D:11     | Received a gift from Trog
 25571 | D:11     | Got a slimy giant spiked club {god gift}
 25756 | D:11     | Got a fine steel ring
 25757 | D:11     | Identified the +3 giant spiked club of Dissolution {elec, rElec rF+ Str-2 Dex+5} (Trog gifted it to you on level 11 of the Dungeon)
 26290 | D:12     | Reached skill level 5 in Armour
 26493 | D:12     | Noticed Sonja
 26495 | D:12     | Noticed Sonja
 26495 | D:12     | Sonja changed into Sonja the shapeshifter
 26496 | D:12     | Sonja the shapeshifter changed into Sonja the spiny frog
 26775 | D:12     | Received a gift from Trog
 27784 | D:13     | Found an iron altar of Okawaru.
 27850 | D:13     | Received a gift from Trog
 27888 | D:13     | Found a gate to the Vaults.
 27902 | D:13     | Reached XP level 16. HP: 171/185 MP: 16/16
 29746 | D:15     | Entered Level 15 of the Dungeon
 29858 | D:15     | Found an iron altar of Okawaru.
 30014 | D:15     | Found a staircase to the Depths.
 30072 | D:15     | Received a gift from Trog
 30471 | D:15     | Noticed Urug
 30486 | D:15     | Killed Urug
 30486 | D:15     | Reached skill level 19 in Maces & Flails
 31686 | D:9      | Killed an unseen horror
 32162 | Snake:1  | Entered Level 1 of the Snake Pit
 32317 | Snake:1  | Received a gift from Trog
 32355 | Snake:1  | Found a flickering gateway to a bazaar.
 32380 | Bazaar   | Entered a bazaar
 32380 | Bazaar   | Found Miasoant's Book Emporium.
 32380 | Bazaar   | Found Utulun's Magic Scroll Shoppe.
 32380 | Bazaar   | Found Jyn Xyul's Distillery.
 32380 | Bazaar   | Found Qusoacin's Food Emporium.
 32381 | Bazaar   | Found Nagyalor's Jewellery Shoppe.
 32404 | Bazaar   | Bought a +4 ring of evasion for 288 gold pieces
 32408 | Bazaar   | Bought a scroll of immolation for 56 gold pieces
 32408 | Bazaar   | Bought a scroll of identify for 32 gold pieces
 32408 | Bazaar   | Bought a scroll of identify for 32 gold pieces
 32408 | Bazaar   | Bought a scroll of enchant armour for 120 gold pieces
 32408 | Bazaar   | Bought a scroll of identify for 32 gold pieces
 32408 | Bazaar   | Bought a scroll of identify for 32 gold pieces
 32408 | Bazaar   | Bought a scroll of remove curse for 48 gold pieces
 32408 | Bazaar   | Bought a scroll of identify for 32 gold pieces
 32412 | Bazaar   | Bought a potion of heal wounds for 85 gold pieces
 32412 | Bazaar   | Bought a potion of curing for 51 gold pieces
 32412 | Bazaar   | Bought a potion of berserk rage for 85 gold pieces
 32412 | Bazaar   | Bought a potion of magic for 136 gold pieces
 32412 | Bazaar   | Bought a potion of magic for 136 gold pieces
 32412 | Bazaar   | Bought a potion of curing for 51 gold pieces
 32412 | Bazaar   | Bought a potion of invisibility for 136 gold pieces
 32412 | Bazaar   | Bought a potion of brilliance for 68 gold pieces
 32412 | Bazaar   | Bought a potion of berserk rage for 85 gold pieces
 32412 | Bazaar   | Bought a potion of magic for 136 gold pieces
 32414 | Bazaar   | Bought a book of Spatial Translocations for 715 gold pieces
 32414 | Bazaar   | Bought a book of Minor Magic for 220 gold pieces
 32541 | Snake:1  | Reached skill level 20 in Maces & Flails
 32889 | Snake:2  | Identified the cursed ring of the Invisible Hand {rC+ MP+9 Dex-2} (You found it on level 11 of the Dungeon)
 33436 | Snake:2  | Found a shattered altar of Ashenzari.
 33789 | Snake:2  | Received a gift from Trog
 33909 | Snake:2  | Reached skill level 21 in Maces & Flails
 33909 | Snake:2  | Reached XP level 17. HP: 64/193 MP: 17/17
 35527 | Snake:3  | Received a gift from Trog
 35879 | Snake:3  | Reached skill level 22 in Maces & Flails
 37635 | Snake:4  | Received a gift from Trog
 38035 | Snake:4  | Received a gift from Trog
 38036 | Snake:4  | Got an iridescent great mace {god gift}
 38038 | Snake:4  | Identified the +5 great mace "Ytuheg" {flame, rC+ Dex+4} (Trog gifted it to you on level 4 of the Snake Pit)
 39566 | Lair:2   | Upgraded the game from 0.17-a0-491-gbd49765 to 0.17-a0-512-gd6a67cc
 39800 | Snake:5  | Entered Level 5 of the Snake Pit
 40116 | Snake:5  | Noticed abixa's ghost (mighty OgBe)
 40145 | Snake:5  | Slain by abixa's ghost

Action                   |  1- 3 |  4- 6 |  7- 9 | 10-12 | 13-15 | 16-18 || total
-------------------------+-------+-------+-------+-------+-------+-------++-------
Melee: Mace              |   110 |   134 |       |       |       |       ||   244
       Morningstar       |       |     7 |   215 |   524 |  1008 |    99 ||  1853
       Halberd           |       |       |       |       |     4 |       ||     4
       Dire flail        |       |       |       |       |    50 |       ||    50
       Giant spiked club |       |       |       |       |       |   467 ||   467
       Giant club        |       |       |       |       |       |   122 ||   122
 Fire: Blowgun           |       |       |    12 |    45 |    10 |     2 ||    69
Throw: Stone             |    35 |    95 |   107 |   173 |   560 |   122 ||  1092
       Tomahawk          |       |       |     3 |    15 |   129 |   153 ||   300
       Javelin           |       |       |       |    69 |     4 |    34 ||   107
       Large rock        |       |       |       |     3 |       |    24 ||    27
Invok: Berserk           |     1 |     2 |     1 |     5 |     1 |       ||    10
       Trog's Hand       |       |       |       |       |       |     1 ||     1
       Brothers in Arms  |       |       |       |       |       |     1 ||     1
Evoke: Wand              |       |       |       |     2 |     3 |     5 ||    10
  Use: Scroll            |       |       |    13 |     5 |     9 |     8 ||    35
 Stab: Sleeping          |     1 |       |       |       |     5 |     1 ||     7
       Paralysed         |       |     5 |       |       |       |       ||     5
       Distracted        |       |       |       |       |       |     1 ||     1
  Eat: Chunk             |     2 |    10 |    15 |    30 |    46 |    38 ||   141
       Bread ration      |       |       |       |     1 |       |     1 ||     2
